Map: Frozen Temple

Players

Gracz

  • Race: Zerg Zerg
  • League: Bronze

Dork - Winner!

  • Race: Zerg Zerg

VOD

Have the link to the VOD?

Description

Time

  • Played on: Sept. 3, 2016, 9:11 a.m.
  • Length: 11:34
Show
View Real Time Build Order
Export as new Build Order

Gracz Zerg 

Build Orders: Pool First 

Get SALT Encoding   

  12  0:09  Drone  
  12  0:10  Drone  
  14  0:16  Extractor, Drone  
  15  0:53  Spawning Pool, Overlord  
  15  0:54  Overlord  
  14  0:59  Extractor  
  14  1:00  Extractor, Drone  
  13  1:39  Drone x2  
  15  1:47  Drone  
  15  1:52  Roach Warren  
  15  1:53  Queen  
  17  2:01  Drone x2  
  19  2:29  Queen  
  21  2:44  Drone  
  21  2:45  Drone  
  21  2:50  Roach  
  25  3:22  Hatchery  
  24  3:29  Roach x3  
  24  3:31  Overlord x2  
  30  4:19  Roach x4  
  38  4:36  Drone  
  38  4:38  Drone  
  40  4:39  Lair  
  40  4:49  Evolution Chamber  
  39  4:53  Evolution Chamber  
  38  5:15  Drone x3  
  41  5:44  Spire  
  41  5:45  Zerg Melee Weapons Level 1  
  41  5:46  Zerg Ground Armor Level 1  
  40  5:55  Roach x3  
  40  5:56  Roach  
  40  5:57  Roach x2  
  52  6:02  Overlord x3  
  34  6:35  Roach x2  
  34  6:36  Roach  
  28  6:51  Roach x2  
  28  6:52  Roach  
  23  7:40  Roach  
  23  7:41  Roach x3  
  23  7:42  Roach x2  
  31  7:45  Queen  
  31  7:47  Queen  
  32  7:59  Spine Crawler  
  24  8:12  Mutalisk x2  
  17  8:13  Mutalisk  
  7  9:49  Drone x3  
  10  10:26  Drone x2  
Show
View Real Time Build Order
Export as new Build Order

Dork Zerg - Winner!

Build Orders: Pool First 

Get SALT Encoding   

  12  0:26  Spawning Pool  
  11  0:37  Overlord  
  11  0:42  Drone x2  
  13  1:12  Queen  
  15  1:24  Roach Warren  
  14  1:30  Overlord  
  14  1:55  Overlord  
  14  2:09  Extractor  
  13  2:18  Zergling x6  
  16  2:43  Roach  
  18  2:47  Drone x2  
  20  3:03  Hatchery  
  19  3:20  Roach x2  
  19  3:21  Roach x2  
  27  3:38  Queen  
  29  3:43  Roach x2  
  33  3:51  Extractor  
  33  3:55  Roach  
  34  4:16  Drone  
  35  4:50  Roach x3  
  41  4:59  Drone, Overlord  
  42  5:00  Drone  
  42  5:05  Metabolic Boost  
  43  5:19  Roach x2  
  47  5:30  Drone x2  
  47  5:31  Drone  
  50  5:49  Roach  
  52  5:52  Overlord  
  52  5:56  Overlord  
  45  6:31  Roach x3  
  45  6:32  Roach x3  
  43  7:11  Zergling x12  
  43  7:12  Zergling x6  
  44  7:34  Roach  
  44  7:35  Roach x3  
  50  7:53  Roach x2  
  49  8:39  Roach  
  49  8:40  Roach x5  
  47  9:21  Roach x6  
  47  9:49  Lair  
  43  10:25  Roach x2  
  43  10:26  Roach x4  
  55  10:40  Overlord  
  55  10:41  Drone  
  56  10:48  Drone  
  57  10:57  Hydralisk Den  
  57  11:03  Roach x3  
Tags
 
Add a new tag
Caveats
  • Supply blocks, unpowered buildings, or Contaminate may cause inaccurate times.
  • Supply counts are checked every 10 seconds.